 Dungeon Sprint DCSS version 0.28-a0-1038-g9c4cb8273d (webtiles) character file.

Game seed: 5029508555956298249

136 DarkBird the Cleaver (level 5, -8/79 HPs)
             Began as a Hill Orc Monk on Dec 8, 2021.
             Was a Priest of Beogh.
             Mangled by Prince Ribbit (11 damage)
             ... in the Dungeon (Sprint VII: "The Pits").
             The game lasted 00:03:28 (736 turns).

DarkBird the Cleaver (Hill Orc Monk)                 Turns: 736, Time: 00:03:29

Health: -8/79      AC:  2    Str: 16    XL:     5   Next: 19%
Magic:  3/5        EV: 13    Int: 10    God:    Beogh [***...]
Gold:   0          SH:  0    Dex: 13    Spells: 4/4 levels left

rFire   . . .      SeeInvis .   j - +2 quarterstaff
rCold   . . .      Faith    .   (shield currently unavailable)
rNeg    . . .      Spirit   .   b - +0 robe
rPois   .          Reflect  .   (no helmet)
rElec   .          Harm     .   (no cloak)
rCorr   .          Rampage  .   (no gloves)
Will    .....      NoTele   +   (no boots)
Stlth   ..........              (no amulet)
HPRegen 0.23/turn               (no ring)
MPRegen 0.09/turn               (no ring)

@: berserking, hasted, invisible, very quick
A: no striking features
a: Renounce Religion, Smiting


You were in the Dungeon.
You worshipped Beogh.
Beogh was most pleased with you.
You visited 1 branch

Inventory:

Hand Weapons
 a - a +0 hand axe
 i - a +2 hand axe
 j - a +2 quarterstaff (weapon)
 k - a +2 trident
 l - a +2 dagger
 m - a +2 falchion
Armour
 b - a +0 robe (worn)
Scrolls
 h - a scroll of blinking
 o - 5 scrolls of amnesia
 p - a scroll of summoning
 q - 2 scrolls of vulnerability
Potions
 f - 4 potions of magic
 g - a potion of berserk rage
 n - a potion of invisibility


   Skills:
 + Level 7.7 Fighting
 + Level 8.0 Axes
 + Level 1.4 Staves
 + Level 4.9 Dodging
 + Level 2.7 Stealth
 + Level 0.4 Invocations


You had 4 spell levels left.
You didn't know any spells.
Your spell library was empty.

Dungeon Overview and Level Annotations

Branches:
Dungeon (1/1)

Altars:
Ashenzari
Cheibriados
Dithmenos
Elyvilon
Fedhas
Gozag
Hepliaklqana
Kikubaaqudgha
Makhleb
Nemelex Xobeh
Okawaru
Qazlal
Ru
Sif Muna
Trog
Uskayaw
Vehumet
Wu Jian
Xom
Yredelemnul
Zin
The Shining One
Beogh
Jiyva
Lugonu

Annotations:
D Prince Ribbit


Message History

Beogh accepts your kill. Prince Ribbit misses you. Prince Ribbit hits you!!
You fade into invisibility!
Prince Ribbit blinks!
The gnoll barely misses you. The river rat bites you.
You feel yourself speed up.
Prince Ribbit blinks!
The gnoll hits you with a +0 whip. The river rat bites you.
You closely miss the gnoll. The gnoll closely misses you.
The river rat misses you.
You sock the gnoll!
The gnoll is heavily wounded.
Prince Ribbit hits you!
* * * LOW HITPOINT WARNING * * *
The gnoll barely misses you. The river rat closely misses you.
A red film seems to cover your vision as you go berserk!
You feel yourself moving faster!
You feel mighty! Prince Ribbit closely misses you.
You thump the gnoll!
You kill the gnoll!
Beogh accepts your kill.
You can now gain orcish followers.
Prince Ribbit barely misses you.
Your Axes skill increases to level 8!
You sock Prince Ribbit!
Prince Ribbit is heavily wounded.
Prince Ribbit barely misses you. The river rat barely misses you.
You hit the river rat.
The river rat is moderately wounded.
Prince Ribbit hits you.
* * * LOW HITPOINT WARNING * * *
The river rat closely misses you.
You hit the river rat.
The river rat is severely wounded.
Prince Ribbit hits you.
* * * LOW HITPOINT WARNING * * *
The river rat closely misses you. Prince Ribbit misses you.
You are too berserk!
You sock the river rat!
You kill the river rat!
Beogh accepts your kill. Prince Ribbit hits you!
You die...

#..(.')..'.##......#..
##########.##.........
#...........'.........
#+#####'#####......#..
#..#.†.'.##.........
#..#...#.#####'#####
#..#####.##.......#
#..)...#.##.......#
#..@..)'.##.......#
#.F########...<...#
#.. #.......# #..
#.......# ###
#.......# #########


You could see Prince Ribbit.

Vanquished Creatures
  2 scorpions (D)
  A gnoll (D)
  2 river rats (D)
  An endoplasm (D)
  A kobold (D)
  A ball python (D)
8 creatures vanquished.

Notes
Turn   | Place    | Note
-------+----------+-------------------------------------------
     0 | D        | DarkBird the Hill Orc Monk began the quest for the Orb.
     0 | D        | Reached XP level 1. HP: 19/19 MP: 1/1
    22 | D        | Reached skill level 5 in Axes
    22 | D        | Reached XP level 2. HP: 15/28 MP: 2/2
   300 | D        | Found a bloodstained altar of Trog.
   300 | D        | Found a shimmering blue altar of Sif Muna.
   300 | D        | Found a viscous altar of Jiyva.
   300 | D        | Found a hazy altar of Hepliaklqana.
   300 | D        | Found an opulent altar of Gozag.
   301 | D        | Found a glowing golden altar of the Shining One.
   301 | D        | Found a glowing silver altar of Zin.
   301 | D        | Found a basalt altar of Yredelemnul.
   301 | D        | Found a shimmering altar of Xom.
   301 | D        | Found an ornate altar of the Wu Jian Council.
   301 | D        | Found a sacrificial altar of Ru.
   301 | D        | Found a stormy altar of Qazlal.
   301 | D        | Found an iron altar of Okawaru.
   301 | D        | Found a sparkling altar of Nemelex Xobeh.
   301 | D        | Found a burning altar of Makhleb.
   301 | D        | Found a blossoming altar of Fedhas.
   301 | D        | Found a white marble altar of Elyvilon.
   301 | D        | Found a shadowy altar of Dithmenos.
   301 | D        | Found a snail-covered altar of Cheibriados.
   304 | D        | Found a corrupted altar of Lugonu.
   304 | D        | Found a radiant altar of Vehumet.
   304 | D        | Found a roughly hewn altar of Beogh.
   305 | D        | Found an ancient bone altar of Kikubaaqudgha.
   305 | D        | Found a hide-covered altar of Uskayaw.
   305 | D        | Found a broken altar of Ashenzari.
   313 | D        | Became a worshipper of Beogh the Brigand
   313 | D        | Reached * piety under Beogh
   313 | D        | Reached ** piety under Beogh
   333 | D        | Noticed a scorpion
   342 | D        | Killed a scorpion
   343 | D        | Reached skill level 6 in Axes
   343 | D        | Reached XP level 3. HP: 13/38 MP: 3/3
   343 | D        | Reached XP level 4. HP: 15/45 MP: 4/4
   518 | D        | Noticed a scorpion
   523 | D        | Killed a scorpion
   524 | D        | Reached skill level 7 in Axes
   524 | D        | Reached skill level 1 in Staves
   524 | D        | Reached XP level 5. HP: 29/52 MP: 1/5
   723 | D        | Noticed Prince Ribbit
   732 | D        | Reached *** piety under Beogh
   733 | D        | Reached skill level 8 in Axes
   735 | D        | HP: 2/79 [Prince Ribbit (5)]
   736 | D        | Mangled by Prince Ribbit

Illustrated notes

Levels and vault maps discovered:
D:        pitsprint [storerooms_1, entrance_room_1, metal_vault_5, armoury_1,
          mini_pit_1, grid_room_1, main_hall_1, silver_pit, the_coven_1,
          the_vestibule_1, steel_vault_2, golden_pit, hallway_of_sentries,
          crystal_vault_5, iron_vault_2, final_vault]

Skill      XL: |  1  2  3  4  5 |
---------------+----------------+-----
Fighting       | 4 6 7 |  7.7
Axes           | 5 6 7 8 |  8.0
Dodging        | 3 4 |  4.9
Stealth        | 2 |  2.7
Staves         | 1 |  1.4
Invocations    | |  0.4

Action                   |  1- 3 |  4- 6 || total
-------------------------+-------+-------++-------
Melee: Hand axe          |     8 |       ||     8
       Quarterstaff      |     6 |    15 ||    21
Invok: Smiting           |       |     2 ||     2
  Use: Potion            |     2 |     4 ||     6
 Stab: Sleeping          |     1 |       ||     1
Armor: Robe              |     3 |     1 ||     4
Dodge: Dodged            |    12 |    16 ||    28

Table legend: (Time is in decaauts)
 A = Elapsed time spent in this place.
 B = Non-inter-level travel time spent in this place.
 C = Inter-level travel time spent in this place.
 D = Time resting spent in this place.
 E = Time spent auto-exploring this place.
 F = Levels seen in this place.
 G = Mean time per level.
                   A        B        C        D        E       F      G
               +--------+--------+--------+--------+--------+-----+--------+
         Total |    752 |    752 |      0 |    610 |      0 |   1 |  752.0 |
       Dungeon |    752 |    752 |      0 |    610 |      0 |   1 |  752.0 |
               +--------+--------+--------+--------+--------+-----+--------+

Top non-repeatable levels by time:
       D: 752 daAuts
